[Event "FIDE World Rapid Chess Championship 2021"]
[White "Oparin, Grigoriy"]
[Black "Nguyen, Thai Dai Van"]
[WhiteFideId "24125890"]
[BlackFideId "358878"]
[WhiteElo "2725"]
[BlackElo "2488"]
[Result "1/2-1/2"]
[Round "09"]
[TimeControl "900+10"]
[Date "2021.12.27"]
[WhiteClock "0:00:34"]
[BlackClock "0:01:39"]

1. e4 e5 2. Bc4 Nf6 3. d3 c6 4. Nf3 d5 5. Bb3 a5 6. a4 Bb4+ 7. c3 Bd6 8. exd5 cxd5 9. Bg5 Be6 10. Na3 Nbd7 11. Nb5 Bb8 12. d4 e4 13. Nd2 h6 14. Bh4 O-O 15. Nf1 Ra6 16. Ne3 Bf4 17. Qe2 Qb8 18. Bg3 Rc6 19. O-O Re8 20. Bxf4 Qxf4 21. f3 exf3 22. Rxf3 Qh4 23. Qd3 Bg4 24. Rg3 Be6 25. Rf1 Ne4 26. Rgf3 Ndf6 27. Rf4 Qg5 28. Bc2 h5 29. Nf5 Bxf5 30. Rxf5 Qh6 31. R5f4 Re7 32. b3 Nd6 33. Rxf6 gxf6 34. Nxd6 Rxd6 35. Qg3+ Qg5 36. Qxd6 Re2 37. Qg3 Qxg3 38. hxg3 Rxc2 39. Rxf6 Rxc3 40. Rb6 Rd3 41. Rxb7 Rxd4 42. Rb5 Rd3 43. Rxa5 Rxb3 44. Rxd5 Rxg3 45. Rxh5 Ra3 46. Ra5 Kg7 47. Kh2 Kg6 48. g3 f5 49. Ra8 Kg5 50. Kg2 Kg4 51. Rg8+ Kh5 52. Rh8+ Kg5 53. Rg8+ 1/2-1/2


[Site "http://www.Chess.com"]

[Event "FIDE World Rapid Chess Championship 2021"]
[White "Michalik, Peter"]
[Black "Harikrishna, Pentala"]
[WhiteFideId "14907526"]
[BlackFideId "5007003"]
[WhiteElo "2515"]
[BlackElo "2705"]
[Result "1/2-1/2"]
[Round "09"]
[TimeControl "900+10"]
[Date "2021.12.27"]
[WhiteClock "0:01:21"]
[BlackClock "0:01:07"]

1. e4 e6 2. d4 d5 3. Nc3 Bb4 4. exd5 exd5 5. Bd3 Nf6 6. Ne2 O-O 7. O-O Re8 8. h3 c6 9. Bf4 Nbd7 10. a3 Ba5 11. Bg3 Ne4 12. Nxe4 dxe4 13. Bc4 Bc7 14. Bb3 Nf6 15. c3 Bf5 16. Qd2 Bg6 17. Qe3 a5 18. c4 a4 19. Ba2 b5 20. cxb5 cxb5 21. Bxc7 Qxc7 22. Rac1 Qb7 23. Rc5 b4 24. Bc4 Rab8 25. Rc1 Red8 26. Nf4 Qd7 27. Nd5 Nxd5 28. Rxd5 Qe7 29. Re5 Qf6 30. Bd5 h6 31. axb4 Kh7 32. Rc6 Rd6 33. Qc3 Qd8 34. Qc5 Rd7 35. Bxe4 Rxd4 36. Bxg6+ fxg6 37. b5 Rb7 38. Qc2 Rd1+ 39. Kh2 Qd3 40. Qxa4 Qb1 41. Qc2 Qxc2 42. Rxc2 Rd4 43. Kg3 Rb4 44. Kf3 g5 45. Ke3 g4 46. h4 g3 47. fxg3 Rb3+ 48. Kf4 Rf7+ 49. Kg4 Rf1 50. Rf5 Rd1 51. Rf3 Rxb5 52. b3 h5+ 53. Kf4 Rd4+ 54. Ke3 Rdb4 55. Kf2 Rxb3 56. Rxb3 Rxb3 57. Rc5 g6 58. Rc7+ Kh6 59. Re7 Rb2+ 60. Kf3 Rb3+ 61. Re3 Rb2 62. Re4 Rb3+ 63. Kf2 Rb2+ 64. Kg1 Rb6 65. Re5 Rb4 66. Kh2 Ra4 67. Re7 Rb4 68. Rf7 g5 69. Rf6+ Kg7 70. hxg5 Rb5 71. Rf4 Kg6 72. Rd4 1/2-1/2


[Site "http://www.Chess.com"]

[Event "FIDE World Rapid Chess Championship 2021"]
[White "Dziuba, Marcin"]
[Black "Mamedov, Rauf"]
[WhiteFideId "1112953"]
[BlackFideId "13401653"]
[WhiteElo "2424"]
[BlackElo "2690"]
[Result "1-0"]
[Round "09"]
[TimeControl "900+10"]
[Date "2021.12.27"]
[WhiteClock "0:00:00"]
[BlackClock "0:00:00"]

1. d4 Nf6 2. c4 g6 3. Nc3 Bg7 4. e4 d6 5. Nf3 O-O 6. Be2 Na6 7. O-O e5 8. Be3 Qe8 9. dxe5 dxe5 10. a3 Ng4 11. Bd2 Nc5 12. b4 Ne6 13. h3 Nf6 14. Nxe5 Nd4 15. f4 Nxe4 16. Nxe4 f6 17. Nxf6+ Bxf6 18. Bc3 Nf5 19. Qd3 Be6 20. Ng4 Bh4 21. Bf3 Rd8 22. Qe4 h5 23. Ne5 Bf6 24. Qxb7 Nd4 25. Rae1 Nc2 26. Re2 Nd4 27. Bxd4 Rxd4 28. Qxc7 Rxf4 29. c5 Bg7 30. Nc6 Kh7 31. Qd6 R8f6 32. Nd8 Bd7 33. Rxe8 Rxd6 34. cxd6 Bxe8 35. Ne6 Rf6 36. Bd5 Rxf1+ 37. Kxf1 Bh6 38. h4 Kh8 39. Nc5 Bb5+ 40. Kf2 Bf8 41. a4 Be8 42. d7 Bxc5+ 43. bxc5 Bxd7 44. c6 Bc8 45. Ke3 Kg7 46. a5 Kf6 47. Kf4 Bf5 48. Bf3 Bc8 49. g4 Ke7 50. gxh5 gxh5 51. Bxh5 Kd6 52. Be8 Kd5 1-0


[Site "http://www.Chess.com"]

[Event "FIDE World Rapid Chess Championship 2021"]
[White "Kovalev, Vladislav"]
[Black "Thybo, Jesper Sondergaard"]
[WhiteFideId "13504398"]
[BlackFideId "1438832"]
[WhiteElo "2647"]
[BlackElo "2401"]
[Result "1-0"]
[Round "09"]
[TimeControl "900+10"]
[Date "2021.12.27"]
[WhiteClock "0:00:04"]
[BlackClock "0:00:55"]

1. e4 e5 2. Nf3 Nc6 3. Bb5 Nf6 4. O-O Nxe4 5. Re1 Nd6 6. Nxe5 Be7 7. Bf1 Nxe5 8. Rxe5 O-O 9. d4 Bf6 10. Re1 Nf5 11. c3 d5 12. a4 a5 13. Bf4 Bg5 14. Qc1 Bxf4 15. Qxf4 Qd6 16. Re5 Ne7 17. Qf3 c6 18. Nd2 Ng6 19. Re3 Bd7 20. Rae1 Rfe8 21. g3 Re7 22. Rxe7 Nxe7 23. Bd3 Ng6 24. h4 Re8 25. Rxe8+ Bxe8 26. Qe3 Bd7 27. Nf3 Nf8 28. Ne5 Be6 29. h5 f6 30. Nf3 Bg4 31. h6 g6 32. Nd2 Be6 33. c4 b6 34. b3 Bf7 35. c5 Qd8 36. cxb6 Qxb6 37. Bf1 Ne6 38. Nf3 c5 39. dxc5 Qxc5 40. Qd2 d4 41. Bc4 Ng5 42. Nxg5 fxg5 43. Qd3 Bxc4 1-0


[Site "http://www.Chess.com"]

[Event "FIDE World Rapid Chess Championship 2021"]
[White "Ter-Sahakyan, Samvel"]
[Black "Janik, Igor"]
[WhiteFideId "13302531"]
[BlackFideId "1159259"]
[WhiteElo "2573"]
[BlackElo "2462"]
[Result "1/2-1/2"]
[Round "09"]
[TimeControl "900+10"]
[Date "2021.12.27"]
[WhiteClock "0:00:51"]
[BlackClock "0:03:11"]

1. e4 c6 2. d4 d5 3. e5 c5 4. dxc5 e6 5. a3 Bxc5 6. Nf3 Ne7 7. b4 Bb6 8. Bb2 Nbc6 9. b5 Na5 10. Nbd2 Bd7 11. Bd3 Ng6 12. g3 Qc7 13. O-O Nc4 14. Bxc4 dxc4 15. Ne4 O-O 16. a4 a6 17. a5 Bxa5 18. Rxa5 Qxa5 19. Qxd7 Qxb5 20. Qxb5 axb5 21. Nd6 Ra2 22. Rb1 Ne7 23. Nd4 b4 24. Nxc4 Nd5 25. Nd6 b6 26. Nc6 Rfa8 27. Kg2 h6 28. h4 Nc3 29. Bxc3 bxc3 30. Nd4 R8a4 31. N6b5 Rb2 32. Rd1 Rc4 33. Nb3 Re4 34. Nxc3 Rc4 35. Rd3 Rxc2 36. Nb5 Re2 37. N3d4 Rxe5 38. Rb3 Rd5 39. Nf3 Rcc5 40. Nbd4 b5 41. Rb2 g6 42. Nc2 Rc8 43. Ne3 Rdc5 44. Rb4 Rd8 45. Rb2 Kg7 46. Nd2 b4 47. Ndc4 Rb8 48. Rb3 g5 49. hxg5 hxg5 50. Kf3 f5 51. Nd2 Rc3 52. Rb2 b3 53. Ke2 f4 54. gxf4 gxf4 55. Ne4 Rc7 56. Ng4 Rb4 57. f3 Rb5 58. Ngf2 Rc2+ 59. Rxc2 bxc2 60. Nd3 Rb3 61. Nef2 Rc3 62. Kd2 c1=Q+ 63. Nxc1 Rxf3 64. Ncd3 Kf6 65. Ne4+ Kf5 66. Nd6+ Kg5 67. Ne4+ Kh4 68. Nec5 e5 69. Nxe5 Re3 70. Ncd3 Kg3 71. Ng6 Rxd3+ 72. Kxd3 f3 73. Ne7 f2 74. Ke4 1/2-1/2


[Site "http://www.Chess.com"]

[Event "FIDE World Rapid Chess Championship 2021"]
[White "Cuenca Jimenez, Jose Fernando"]
[Black "Alonso Rosell, Alvar"]
[WhiteFideId "2255570"]
[BlackFideId "2270544"]
[WhiteElo "2421"]
[BlackElo "2571"]
[Result "0-1"]
[Round "09"]
[TimeControl "900+10"]
[Date "2021.12.27"]
[WhiteClock "0:00:02"]
[BlackClock "0:00:25"]

1. d4 f5 2. Nc3 Nf6 3. Bg5 d5 4. e3 e6 5. Nf3 Nbd7 6. Bd3 c5 7. dxc5 Nxc5 8. Bb5+ Bd7 9. Bxd7+ Ncxd7 10. Nd4 Qb6 11. O-O Be7 12. Nce2 g6 13. c4 e5 14. Nb5 dxc4 15. Qa4 Qc6 16. Bxf6 Bxf6 17. Qxc4 Qxc4 18. Nd6+ Ke7 19. Nxc4 Rhc8 20. Rac1 Rc6 21. Na5 Rxc1 22. Rxc1 b6 23. Nb3 Kd6 24. Nc3 a6 25. e4 Bg5 26. Rd1+ Ke6 27. g3 Rc8 28. Kg2 Rc4 29. h4 Bh6 30. exf5+ gxf5 31. Kf1 b5 32. Na5 Rc7 33. Kg2 b4 34. Nd5 Rc5 35. Nb7 Rxd5 36. Nd8+ Kd6 37. Nf7+ Kc6 38. Rc1+ Bxc1 39. Nh6 0-1


[Site "http://www.Chess.com"]

[Event "FIDE World Rapid Chess Championship 2021"]
[White "Vakhidov, Jakhongir"]
[Black "Erigaisi, Arjun"]
[WhiteFideId "14201801"]
[BlackFideId "35009192"]
[WhiteElo "2566"]
[BlackElo "2397"]
[Result "1/2-1/2"]
[Round "09"]
[TimeControl "900+10"]
[Date "2021.12.27"]
[WhiteClock "0:06:08"]
[BlackClock "0:05:46"]

1. c4 e6 2. Nc3 d5 3. d4 c6 4. e4 dxe4 5. Nxe4 Bb4+ 6. Bd2 Qxd4 7. Bxb4 Qxe4+ 8. Be2 Na6 9. Ba5 f6 10. Qd8+ Kf7 11. Nf3 e5 12. Rd1 b6 13. Bc3 Nc5 14. Bb4 Ne7 15. Qxh8 Bb7 16. Rd8 Qb1+ 17. Bd1 Qe4+ 18. Be2 Qb1+ 19. Bd1 Qe4+ 1/2-1/2


[Site "http://www.Chess.com"]

[Event "FIDE World Rapid Chess Championship 2021"]
[White "Holm, Kristian Stuvik"]
[Black "Jumabayev, Rinat"]
[WhiteFideId "1508083"]
[BlackFideId "13702661"]
[WhiteElo "2409"]
[BlackElo "2562"]
[Result "1-0"]
[Round "09"]
[TimeControl "900+10"]
[Date "2021.12.27"]
[WhiteClock "0:07:30"]
[BlackClock "0:00:56"]

1. d4 d5 2. c4 e6 3. Nc3 Nf6 4. cxd5 exd5 5. Bg5 c6 6. e3 Be7 7. Qc2 Nbd7 8. Bd3 Nh5 9. Bxe7 Qxe7 10. Nge2 g6 11. h3 Ng7 12. O-O-O Nb6 13. g4 h5 14. Nf4 Qf6 15. Rdg1 hxg4 16. hxg4 Rxh1 17. Rxh1 Ne6 18. Qe2 Nxf4 19. exf4+ Kd8 20. Qe5 Qxe5 21. fxe5 Bxg4 22. Rh7 Ke8 23. Nd1 Kf8 24. Ne3 Kg8 25. Rh4 Bf3 26. Rf4 Bh5 27. Rf6 Nd7 28. Rd6 Nf8 29. Nc2 Bg4 30. Ne3 Bh3 31. f4 Ne6 32. f5 Nxd4 33. fxg6 Be6 34. Ng2 fxg6 35. Nf4 Re8 36. Bxg6 Re7 37. Nh5 Bd7 38. Nf6+ Kg7 39. Nxd7 Nb5 40. Bf5 Nxd6 41. exd6 Rf7 42. Nc5 Kf6 43. d7 Rf8 44. Ne6 Rh8 45. d8=Q+ Rxd8 46. Nxd8 Kxf5 47. Nxb7 Ke4 48. Kc2 Kd4 49. Nd8 Kc5 50. Kd3 a5 51. Ne6+ Kd6 52. Nd4 c5 53. Nb5+ Ke5 54. b3 Ke6 55. Na7 Kd6 56. Nb5+ Ke5 57. Ke3 1-0


[Site "http://www.Chess.com"]

[Event "FIDE World Rapid Chess Championship 2021"]
[White "Bellahcene, Bilel"]
[Black "Shoker, Samy"]
[WhiteFideId "696358"]
[BlackFideId "627143"]
[WhiteElo "2397"]
[BlackElo "2550"]
[Result "0-1"]
[Round "09"]
[TimeControl "900+10"]
[Date "2021.12.27"]
[WhiteClock "0:01:01"]
[BlackClock "0:00:44"]

1. d4 g6 2. e4 Bg7 3. Nc3 d6 4. Be3 a6 5. h4 Nf6 6. f3 b5 7. Qd2 h5 8. O-O-O c6 9. Kb1 b4 10. Nce2 a5 11. Nf4 Qc7 12. e5 Nd5 13. e6 Bxe6 14. Nxe6 fxe6 15. Bd3 Qb6 16. Bxg6+ Kd7 17. Ne2 Na6 18. Rhe1 Nac7 19. Qd3 a4 20. Bc1 a3 21. b3 Nb5 22. Bf7 Raf8 23. Qg6 Bf6 24. Rd3 Nbc7 25. Nf4 Nxf4 26. Bxf4 Kd8 27. Bg5 Bxg5 28. hxg5 Nd5 29. Qxe6 Qc7 30. g6 Nf4 31. Qf5 Nxd3 32. Qxd3 d5 33. Qf5 Rhg8 34. Qxh5 Qg3 35. Qe5 Qxe5 36. dxe5 Rg7 37. e6 Rh8 38. Kc1 Rh2 39. Rg1 Kc7 40. Kd2 Kd6 41. f4 c5 42. Ke3 Rh6 43. Kf3 Rh8 44. f5 Ke5 45. Kg4 Kf6 46. Kf4 Rh2 47. g4 Rf2+ 48. Ke3 Rxc2 49. g5+ Kxf5 0-1


[Site "http://www.Chess.com"]

[Event "FIDE World Rapid Chess Championship 2021"]
[White "Durarbayli, Vasif"]
[Black "Mikhalevski, Victor"]
[WhiteFideId "13402935"]
[BlackFideId "2801914"]
[WhiteElo "2532"]
[BlackElo "2366"]
[Result "0-1"]
[Round "09"]
[TimeControl "900+10"]
[Date "2021.12.27"]
[WhiteClock "0:00:15"]
[BlackClock "0:01:43"]

1. e4 e5 2. Nc3 Nf6 3. Bc4 Nc6 4. d3 Bc5 5. f4 d6 6. Nf3 O-O 7. f5 Nd4 8. Bg5 c6 9. a3 d5 10. Ba2 Qd6 11. Qd2 h6 12. Bxf6 Qxf6 13. O-O-O Bb6 14. Rdf1 Ba5 15. exd5 cxd5 16. b4 Nxf3 17. gxf3 Bd8 18. Nxd5 Qxf5 19. Rhg1 Kh8 20. f4 Be6 21. Qg2 g6 22. Ne3 Qh3 23. Bxe6 Qxe3+ 24. Kb1 exf4 25. Bxf7 g5 26. Re1 Qd4 27. Re4 f3 28. Qg4 Qg7 29. Bb3 f2 30. Rf1 Qc3 31. Qh5 Kg7 32. Ka2 Bf6 33. d4 Rae8 34. Rxe8 Qxd4 35. c3 Qd2+ 36. Kb1 Qxc3 37. Rxf2 Qxb3+ 38. Kc1 Qxa3+ 39. Kd2 Qxb4+ 40. Kc1 Qa3+ 41. Kd2 Bc3+ 42. Ke2 Qa6+ 43. Ke3 Qb6+ 44. Kd3 Qd4+ 0-1


[Site "http://www.Chess.com"]

[Event "FIDE World Rapid Chess Championship 2021"]
[White "Klekowski, Maciej"]
[Black "Klimkowski, Jan"]
[WhiteFideId "1132717"]
[BlackFideId "21856222"]
[WhiteElo "2528"]
[BlackElo "2211"]
[Result "1-0"]
[Round "09"]
[TimeControl "900+10"]
[Date "2021.12.27"]
[WhiteClock "0:05:56"]
[BlackClock "0:06:12"]

1. e4 c5 2. Nf3 d6 3. Bb5+ Nd7 4. Ba4 Nf6 5. O-O a6 6. c4 g6 7. Nc3 Bg7 8. d3 O-O 9. h3 Ne8 10. d4 cxd4 11. Nxd4 Ne5 12. Bb3 Nc7 13. Be3 Ne6 14. f4 Nc6 15. Nxe6 Bxe6 16. f5 Bc8 17. Nd5 Bxb2 18. Rb1 Be5 19. Bb6 Qd7 20. Kh1 e6 21. Nc7 Rb8 22. f6 d5 23. cxd5 Bxc7 24. Qd2 Kh8 25. Qh6 Rg8 26. dxe6 fxe6 27. f7 Bd6 28. fxg8=Q+ Kxg8 29. Rbd1 Qe7 30. Rxd6 Qxd6 31. Bc7 1-0


[Site "http://www.Chess.com"]

[Event "FIDE World Rapid Chess Championship 2021"]
[White "Antipov, Mikhail Al."]
[Black "Sindarov, Javokhir"]
[WhiteFideId "4107012"]
[BlackFideId "14205483"]
[WhiteElo "2644"]
[BlackElo "2353"]
[Result "1-0"]
[Round "09"]
[TimeControl "900+10"]
[Date "2021.12.27"]
[WhiteClock "0:00:20"]
[BlackClock "0:00:14"]

1. e4 e5 2. Nf3 Nc6 3. Bc4 Nf6 4. d3 h6 5. h3 d6 6. a4 g6 7. Nc3 Bg7 8. O-O O-O 9. Re1 Be6 10. Bxe6 fxe6 11. Ne2 Nh5 12. Ng3 Nf4 13. c3 g5 14. Bxf4 gxf4 15. Nh5 Bh8 16. g4 fxg3 17. fxg3 Kh7 18. Qe2 Bf6 19. Rf1 Qe7 20. b4 Rae8 21. Rf2 Nb8 22. Raf1 Nd7 23. h4 Kh8 24. Qe3 Qh7 25. Nxf6 Rxf6 26. Nh2 Qg7 27. Kg2 Rg8 28. Ng4 Rxf2+ 29. Rxf2 h5 30. Nh2 b6 31. Rf3 a5 32. b5 Nf6 33. Qf2 Rf8 34. Nf1 Kg8 35. Nd2 d5 36. Qe2 Ng4 37. Nf1 Rf7 38. Ne3 Rxf3 39. Qxf3 Nxe3+ 40. Qxe3 Qf6 41. Qg5+ Kf7 42. Qxh5+ Kg7 43. Qg5+ Qxg5 44. hxg5 Kg6 45. g4 Kxg5 46. Kg3 Kg6 47. Kh4 d4 48. c4 Kh6 49. g5+ Kg6 50. Kg4 Kf7 51. Kh5 Kg7 52. g6 1-0


[Site "http://www.Chess.com"]

[Event "FIDE World Rapid Chess Championship 2021"]
[White "Halkias, Stelios"]
[Black "Aziz, Husain"]
[WhiteFideId "4201809"]
[BlackFideId "12100293"]
[WhiteElo "2576"]
[BlackElo "2430"]
[Result "1-0"]
[Round "09"]
[TimeControl "900+10"]
[Date "2021.12.27"]
[WhiteClock "0:05:32"]
[BlackClock "0:03:21"]

1. Nf3 d5 2. d4 Nf6 3. c4 e6 4. g3 Be7 5. Bg2 O-O 6. O-O dxc4 7. Qc2 a6 8. a4 Bd7 9. Rd1 Bc6 10. Nc3 Nd5 11. e4 Nb4 12. Qe2 Nd3 13. Be3 Bb4 14. Ne1 Nxe1 15. Qxe1 b5 16. Qe2 Qe8 17. d5 Bb7 18. axb5 axb5 19. Rxa8 Bxa8 20. Ra1 Nd7 21. Nxb5 Qb8 22. Qxc4 Bd6 23. dxe6 Ne5 24. exf7+ Kh8 25. Qe2 Bc6 26. Nxd6 cxd6 27. Bd4 Nxf7 28. Rc1 Bb5 29. Qd2 h6 30. f4 Ba6 31. h3 Nd8 32. Kh2 Ne6 33. Bc3 Nc5 34. Rd1 Rd8 35. f5 Kh7 36. f6 gxf6 37. Qf4 1-0


[Site "http://www.Chess.com"]

[Event "FIDE World Rapid Chess Championship 2021"]
[White "Tang, Andrew"]
[Black "Kobalia, Mikhail"]
[WhiteFideId "2059630"]
[BlackFideId "4119150"]
[WhiteElo "2427"]
[BlackElo "2543"]
[Result "1/2-1/2"]
[Round "09"]
[TimeControl "900+10"]
[Date "2021.12.27"]
[WhiteClock "0:00:24"]
[BlackClock "0:00:07"]

1. d4 d5 2. Nf3 Nf6 3. Bf4 c5 4. e3 Nc6 5. Nbd2 cxd4 6. exd4 Bf5 7. Bb5 Qb6 8. c4 dxc4 9. a4 e6 10. Nxc4 Qd8 11. O-O Be7 12. Nce5 Qb6 13. Nc4 Qd8 14. a5 Qd5 15. Qa4 O-O 16. a6 Nb4 17. axb7 Qxb7 18. Nd6 Qb6 19. Qxb4 Nd5 20. Qc4 Bxd6 21. Ra6 Bxf4 22. Rxb6 axb6 23. Qe2 Rfc8 24. Nh4 Rc2 25. Qf3 Bg6 26. Nxg6 hxg6 27. Qb3 Rac8 28. Bd3 Rd2 29. g3 Bg5 30. Be4 Nf6 31. Bf3 Rcc2 32. Qxb6 Rxb2 33. Qd8+ Kh7 34. h4 Bh6 35. g4 Bf4 36. g5 Nh5 37. Qe8 Ng3 38. Qxf7 Nxf1 39. Qxf4 Rxf2 40. h5 Nh2 41. hxg6+ Kxg6 42. Qe4+ Kxg5 43. Qe5+ Kh6 44. Qxe6+ g6 45. Qe3+ Kh7 46. Qe7+ Kh6 47. Qe3+ Kg7 48. Qe7+ Kh6 49. Qe3+ 1/2-1/2


[Site "http://www.Chess.com"]

[Event "FIDE World Rapid Chess Championship 2021"]
[White "Blohberger, Felix"]
[Black "Zvjaginsev, Vadim"]
[WhiteFideId "1632051"]
[BlackFideId "4113403"]
[WhiteElo "2409"]
[BlackElo "2539"]
[Result "0-1"]
[Round "09"]
[TimeControl "900+10"]
[Date "2021.12.27"]
[WhiteClock "0:00:00"]
[BlackClock "0:02:57"]

1. d4 d6 2. e4 Nf6 3. Nc3 g6 4. Bg5 h6 5. Bf4 Nc6 6. Bb5 a6 7. Bxc6+ bxc6 8. Nge2 Bg7 9. Qd2 Nd7 10. O-O c5 11. d5 a5 12. b3 Ba6 13. Rad1 Bxe2 14. Nxe2 a4 15. Nc3 axb3 16. axb3 Qb8 17. Ra1 g5 18. Be3 Rxa1 19. Rxa1 f5 20. exf5 Qb4 21. f6 Bxf6 22. Ra8+ Kf7 23. Rxh8 Bxh8 24. Ne2 Nf6 25. Qxb4 cxb4 26. Bd4 Bg7 27. Bxf6 Kxf6 28. Nd4 Ke5 29. Nc6+ Kxd5 30. Nxe7+ Kd4 31. Nf5+ Kc3 32. Nxg7 Kxc2 33. Ne6 c5 34. f4 gxf4 35. Nxf4 Kxb3 36. g4 Kc2 37. Nd5 b3 38. Ne3+ Kc1 39. Nc4 d5 40. Na3 d4 41. h4 d3 42. Nc4 d2 0-1


[Site "http://www.Chess.com"]

[Event "FIDE World Rapid Chess Championship 2021"]
[White "Murzin, Volodar"]
[Black "Nevednichy, Vladislav"]
[WhiteFideId "44155573"]
[BlackFideId "1205730"]
[WhiteElo "2523"]
[BlackElo "2425"]
[Result "1-0"]
[Round "09"]
[TimeControl "900+10"]
[Date "2021.12.27"]
[WhiteClock "0:00:51"]
[BlackClock "0:00:32"]

1. e4 c5 2. Nf3 d6 3. Bb5+ Nd7 4. O-O Nf6 5. Re1 a6 6. Bf1 b6 7. c4 e5 8. Nc3 g6 9. d3 Bg7 10. g3 Nb8 11. Bg5 Bg4 12. Nd5 h6 13. Bxf6 Bxf6 14. Be2 Bxf3 15. Bxf3 h5 16. Qb3 Nd7 17. Bg2 Be7 18. Bh3 Nf6 19. Qxb6 Qxb6 20. Nxb6 Rb8 21. Na4 Bd8 22. Kg2 Ba5 23. Re2 g5 24. Bf5 h4 25. b3 Ke7 26. Rc2 Rh6 27. Nb2 Rbh8 28. Rh1 Rb8 29. Nd1 Rhh8 30. Ne3 Bc7 31. Rb1 Rb7 32. Bh3 Kf8 33. Bc8 Rb6 34. Rcb2 Kg7 35. Bh3 Kg6 36. Bf5+ Kg7 37. Rg1 Bd8 38. Kh1 Kf8 39. Rgb1 a5 40. a3 Kg7 41. b4 axb4 42. axb4 Rxb4 43. Rxb4 cxb4 44. Rxb4 Ba5 45. Rb7 Bd2 46. gxh4 gxh4 47. Be6 Bxe3 48. fxe3 Rf8 49. Kg2 Kg6 50. Bf5+ Kg5 51. Kf3 Nh5 52. Rd7 Ng7 53. Bh3 Ne8 54. Rd8 Rg8 55. Bf5 Kh5 56. d4 Kg5 57. dxe5 dxe5 58. c5 Kh6 59. c6 Kg7 60. Rxe8 Rxe8 61. c7 1-0


[Site "http://www.Chess.com"]

[Event "FIDE World Rapid Chess Championship 2021"]
[White "Gajewski, Grzegorz"]
[Black "Jakubowski, Krzysztof"]
[WhiteFideId "1116207"]
[BlackFideId "1112848"]
[WhiteElo "2496"]
[BlackElo "2399"]
[Result "0-1"]
[Round "09"]
[TimeControl "900+10"]
[Date "2021.12.27"]
[WhiteClock "0:00:24"]
[BlackClock "0:01:42"]

1. Nf3 Nf6 2. c4 e6 3. Nc3 Bb4 4. Qc2 O-O 5. a3 Bxc3 6. Qxc3 b6 7. b4 Bb7 8. Bb2 d5 9. e3 Nbd7 10. Be2 c5 11. O-O Qe7 12. bxc5 Nxc5 13. a4 Rfc8 14. d3 dxc4 15. Qxc4 Ba6 16. Qb4 Nd5 17. Qa3 Nb7 18. Nd4 Qxa3 19. Rxa3 Rc7 20. Bf3 Rac8 21. Nb5 Bxb5 22. axb5 Na5 23. g3 Rc5 24. Bd4 Rxb5 25. Bd1 Rb1 26. Ba4 Rcc1 27. Rxc1 Rxc1+ 28. Kg2 h6 29. Bb5 Nb4 30. Ra4 Nc2 31. Be5 Ne1+ 32. Kh3 Rc5 33. Ba6 Rxe5 34. d4 Rh5+ 35. Kg4 Rxh2 36. Ra2 g5 37. Re2 f5# 0-1


[Site "http://www.Chess.com"]

[Event "FIDE World Rapid Chess Championship 2021"]
[White "Faizrakhmanov, Ramil"]
[Black "Petrovskyi, Vadym"]
[WhiteFideId "24103209"]
[BlackFideId "14165210"]
[WhiteElo "2461"]
[BlackElo "2282"]
[Result "1-0"]
[Round "09"]
[TimeControl "900+10"]
[Date "2021.12.27"]
[WhiteClock "0:01:00"]
[BlackClock "0:01:11"]

1. d4 Nf6 2. c4 g6 3. Nc3 Bg7 4. e4 d6 5. h3 O-O 6. Be3 c5 7. d5 a6 8. a4 e6 9. Bd3 exd5 10. exd5 Re8 11. Nf3 Nbd7 12. O-O Ne5 13. Nxe5 Rxe5 14. Qf3 Bf5 15. Bf4 Bxd3 16. Qxd3 Re8 17. Rae1 Qb6 18. Qc2 h6 19. b3 Nd7 20. Ne4 Ne5 21. Bd2 f5 22. Ng3 Qc7 23. Bc3 Qf7 24. Ne2 f4 25. f3 Re7 26. Nc1 Rae8 27. Re4 g5 28. Rfe1 b5 29. axb5 axb5 30. Kf1 bxc4 31. bxc4 h5 32. Bxe5 Rxe5 33. Rxe5 Rxe5 34. Rxe5 Bxe5 35. Nd3 Bd4 36. Qe2 h4 37. Ne1 Kg7 38. Nc2 Be5 39. Ne1 Qa7 40. Nd3 Bc3 41. Kg1 Qf7 42. Qe4 Bd4+ 43. Kh2 Qd7 44. Ne1 Be5 45. Nd3 Bd4 46. Nb4 Qb7 47. Nc6 Bf6 48. Qe6 Qc7 49. Qe8 Qf7 50. Qxf7+ Kxf7 51. Kg1 Kg6 52. Kf1 Kf5 53. Ke2 Kg6 54. Kd3 Kf5 55. Kc2 Kg6 56. Kb3 Kf7 57. Ka4 Ke8 58. Kb5 Kd7 59. Kb6 Bc3 60. Kb7 Be1 61. Nb8+ Ke7 62. Kc6 Ba5 63. Nd7 Bd8 64. Nb6 Kf6 65. Nc8 Ke5 66. Nxd6 Kd4 67. Nb7 Bf6 68. Nxc5 Kxc4 69. Ne4 Bd8 70. Kd7 Ba5 71. Ke6 Bd8 72. d6 Kd4 73. d7 g4 74. hxg4 h3 75. gxh3 Ke3 76. g5 Kxf3 77. g6 1-0


[Site "http://www.Chess.com"]

[Event "FIDE World Rapid Chess Championship 2021"]
[White "Van Foreest, Lucas"]
[Black "Carlsson, Pontus"]
[WhiteFideId "1039792"]
[BlackFideId "1705814"]
[WhiteElo "2374"]
[BlackElo "2436"]
[Result "1-0"]
[Round "09"]
[TimeControl "900+10"]
[Date "2021.12.27"]
[WhiteClock "0:12:18"]
[BlackClock "0:00:31"]

1. e4 c5 2. c3 d5 3. exd5 Qxd5 4. d4 g6 5. Na3 Bg7 6. dxc5 Qxc5 7. Nb5 a6 8. Be3 Qc6 9. Qd5 Qxd5 10. Nc7+ Kf8 11. Nxd5 Nd7 12. Nc7 Rb8 13. Ba7 e6 14. a4 Ne7 15. a5 Nc6 16. Bxb8 Ncxb8 17. Na8 Ke7 18. Nf3 Nc6 19. Be2 e5 20. O-O e4 21. Nd2 f5 22. Nc4 Nc5 23. Nab6 Be6 24. Rad1 Be5 25. Nxe5 Nxe5 26. Nd5+ Kf7 27. Nf4 Bb3 28. Rd6 Ke7 29. Rb6 Rd8 30. Rb1 Nc6 31. Bxa6 Bc2 32. Rc1 Nxa6 33. Rxb7+ Kf6 34. Rb6 Ke5 35. g3 g5 36. Rxc6 gxf4 37. gxf4+ Kxf4 38. Rxc2 Kf3 39. Rc1 Rg8+ 40. Kh1 Nb8 41. Rf6 f4 42. Rg1 Rxg1+ 43. Kxg1 Nd7 44. a6 Nxf6 45. a7 Ng4 46. a8=Q Nxf2 47. Qd5 Ke2 48. Qc4+ Ke1 49. Qf1+ 1-0


[Site "http://www.Chess.com"]

[Event "FIDE World Rapid Chess Championship 2021"]
[White "Szpar, Milosz"]
[Black "Dvirnyy, Danyyil"]
[WhiteFideId "1184989"]
[BlackFideId "817570"]
[WhiteElo "2315"]
[BlackElo "2550"]
[Result "1-0"]
[Round "09"]
[TimeControl "900+10"]
[Date "2021.12.27"]
[WhiteClock "0:01:26"]
[BlackClock "0:03:58"]

1. e4 e5 2. Nf3 Nc6 3. Bb5 a6 4. Ba4 Nf6 5. O-O Be7 6. d3 b5 7. Bb3 O-O 8. a4 b4 9. a5 d6 10. Nbd2 h6 11. h3 Re8 12. Nc4 Bf8 13. Bd2 Rb8 14. Re1 Nd7 15. Be3 Qf6 16. Ba4 Bb7 17. c3 bxc3 18. bxc3 Nc5 19. Bxc5 dxc5 20. Ne3 Ba8 21. Nd5 Qd6 22. Nd2 Rbc8 23. Nc4 Qg6 24. Re3 Qe6 25. Rg3 Red8 26. Bb3 Ne7 27. Nxe7+ Qxe7 28. Qh5 Rb8 29. Ba2 Bc6 30. Nxe5 Be8 31. Rf3 Rb2 32. Bc4 Rd6 33. Nxf7 Re6 34. Nxh6+ gxh6 35. Qg4+ 1-0


[Site "http://www.Chess.com"]

[Event "FIDE World Rapid Chess Championship 2021"]
[White "Peng, Li Min"]
[Black "Smirin, Ilia"]
[WhiteFideId "14112620"]
[BlackFideId "2801990"]
[WhiteElo "2411"]
[BlackElo "2663"]
[Result "0-1"]
[Round "09"]
[TimeControl "900+10"]
[Date "2021.12.27"]
[WhiteClock "0:00:37"]
[BlackClock "0:06:53"]

1. Nf3 c5 2. e4 e6 3. c4 Nc6 4. Nc3 Nd4 5. d3 Ne7 6. g3 Nxf3+ 7. Qxf3 Nc6 8. Bg2 g6 9. Be3 d6 10. Qe2 Bg7 11. Qd2 h5 12. Ne2 h4 13. d4 h3 14. Bf3 Qf6 15. Bg4 cxd4 16. Bf4 Ne5 17. Bxe5 Qxe5 18. Qd3 Qa5+ 19. Kf1 d5 20. Nxd4 dxc4 21. Qc3 Qb6 22. Rd1 O-O 23. e5 Bxe5 24. Qe3 Bg7 25. Nf3 Qxb2 26. Bxh3 c3 27. Kg2 c2 28. Rc1 Bd7 29. Bg4 Bc6 30. h4 Qb4 31. Kh3 f5 32. Qxe6+ Kh8 33. h5 Qxg4+ 34. Kh2 Bxf3 0-1


[Site "http://www.Chess.com"]